 Dungeon Crawl Stone Soup version 0.26-a0-639-g72c4674329 (webtiles) character file.

Game seed: 4280039466569051746

1498 Lanoc the Frost Mage (level 8, -6/62 HPs)
             Began as a Naga Ice Elementalist on Sept 27, 2020.
             Killed by nerve-wracking pain
             ... invoked by Grinder
              (8 damage)
             ... on level 6 of the Dungeon.
             The game lasted 00:09:50 (5414 turns).

Lanoc the Frost Mage (Naga Ice Elementalist)        Turns: 5414, Time: 00:09:50

Health: -6/62      AC:  4    Str: 13 (16) XL:     8   Next: 81%
Magic:  9/11       EV: 12    Int: 22 (24) God:
Gold:   228        SH:  0    Dex: 13 (15) Spells: 4/11 levels left

rFire    . . .     SeeInvis +   k - +0 mace (protect)
rCold    . . .     Faith    .   (no shield)
rNeg     . . .     Spirit   .   a - +1 robe
rPois    +         Reflect  .   (no helmet)
rElec    .         Harm     .   (no cloak)
rCorr    .         Rampage  .   (no gloves)
MR       +....                  (no barding)
Stlth    +++.......             (no amulet)
HPRegen  0.20/turn              j - ring "Laru" {*Corrode Str+5 Int+6 Dex+4 Stlth+}
MPRegen  0.12/turn              (no ring)

@: brilliant, berserk cooldown, flying, slowed, very slow
A: large, see invisible, deformed body, poison resistance, slowness 2, spit
poison 1, evolution 1, subdued magic 1, AC +2
a: Spit Poison


You were on level 6 of the Dungeon.
You visited 1 branch of the dungeon, and saw 6 of its levels.
You also visited: Sewer.

You collected 228 gold pieces.

Inventory:

Hand Weapons
 k - a +0 mace of protection (weapon)
Armour
 a - a +1 robe (worn)
Jewellery
 j - the ring "Laru" (left hand) {*Corrode Str+5 Int+6 Dex+4 Stlth+}
   (You found it on level 4 of the Dungeon)

   [ring of intelligence]

   It affects your strength (+5).
   It affects your intelligence (+6).
   It affects your dexterity (+4).
   It may corrode you when you take damage.
   It makes you more stealthy.
Wands
 g - a wand of acid (7)
Scrolls
 b - 2 scrolls of identify
 d - a scroll of random uselessness {unknown}
 e - 2 scrolls of enchant armour
 n - a scroll of fear {unknown}
 o - a scroll of remove curse


   Skills:
 + Level 5.3 Dodging
 - Level 3.0 Stealth
 - Level 2.0 Spellcasting
 * Level 9.6 Ice Magic


You had 4 spell levels left.
You knew the following spells:

 Your Spells              Type           Power        Failure   Level
a - Freeze                Ice            ####         1%          1
b - Frozen Ramparts       Ice            ######       1%          3
c - Ozocubu's Armour      Ice            ######..     1%          3

Your spell library contained the following spells:

 Spells                   Type           Power        Failure   Level
 Hailstorm                Conj/Ice       ####....     16%         4
 Summon Ice Beast         Ice/Summ       ####....     16%         4


Dungeon Overview and Level Annotations

Branches:
Dungeon (6/15)             Temple (0/1) D:6           Sewer (visited)

Altars:
Ashenzari
Nemelex Xobeh
Vehumet
Wu Jian

Annotations:
D:6 Grinder


Innate Abilities, Weirdness & Mutations

You cannot wear boots.
Your serpentine skin is tough. (AC +2)
You have supernaturally acute eyesight. (SInv)
Armour fits poorly on your strangely shaped body.
Your system is resistant to poisons. (rPois)
You cover ground very slowly.
You can spit poison.
You evolve.
Your spells are a little easier to cast, but a little less powerful.


Message History

You feel nature experimenting on you.
Don't worry, failures die fast.
It was a potion of flight.
You feel very buoyant.
You fly up into the air.
Grinder gestures at you. You resist with significant effort.
It was a potion of brilliance.
You feel clever all of a sudden. Grinder hits you. Grinder hits you!
* * * LOW HITPOINT WARNING * * *
You writhe in agony.
* * * LOW HITPOINT WARNING * * *
Grinder hits you.
* * * LOW HITPOINT WARNING * * *
You writhe in agony.
* * * LOW HITPOINT WARNING * * *
Grinder gestures at you. Pain shoots through your body!
You die...

######## .# #####.
#......###.#### #.....
#.............####.....
#..............#.......
#..............#.#.....
####..............#.......
#..........5......###.#.##
####.##....:........## #†#...
#....##.....@.......####.####
#.#####.###.#.............<..
#.# #.# #.#######(.......##
#.#####.# #.#...# #........#
#.#.....# #.....# #........#
#.#.#########...# #........#
#.#.# #.##..)...###........#
#.#.# #..))#......#...(.(..#
#.#.# #.####....#.##########


You could see Grinder.

Vanquished Creatures
  Pikel (D:5)
  Edmund (D:5)
  A lemure (D:5)
  A crocodile (Sewer)
  A bullfrog (D:6)
  3 scorpions
  A howler monkey (D:4)
  3 hounds
  A gnoll shaman (D:6)
  A centaur skeleton (D:5)
  2 orc priests
  2 iguanas
  Ijyb (D:3)
  An orc wizard (D:4)
  3 worker ants (D:4)
  5 adders
  4 gnolls (D:6)
  A shadow imp (D:6)
  2 oozes (D:5)
  3 worms
  2 dart slugs (D:2)
  2 leopard geckos
  14 orcs
  5 giant cockroaches
  5 goblins
  5 hobgoblins
  11 jackals
  7 kobolds
  A quokka (D:4)
  9 bats
  2 frilled lizards
  A quokka zombie (D:5)
  9 rats
111 creatures vanquished.

Vanquished Creatures (others)
  2 plants (D:2)
  6 withered plants (D:2)
8 creatures vanquished.

Grand Total: 119 creatures vanquished

Notes
Turn   | Place    | Note
-------+----------+-------------------------------------------
     0 | D:1      | Lanoc the Naga Ice Elementalist began the quest for the
                  | Orb.
     0 | D:1      | Reached XP level 1. HP: 15/15 MP: 3/3
   125 | D:1      | Reached XP level 2. HP: 22/22 MP: 1/5
   624 | D:2      | Reached XP level 3. HP: 21/28 MP: 3/6
  1100 | D:3      | Learned a level 3 spell: Frozen Ramparts
  1140 | D:3      | Reached skill level 5 in Ice Magic
  1467 | D:3      | Reached XP level 4. HP: 36/36 MP: 7/7
  1633 | D:3      | Noticed Ijyb
  1641 | D:3      | Killed Ijyb
  2561 | D:4      | Reached XP level 5. HP: 20/42 MP: 1/8
  2764 | D:4      | Reached skill level 6 in Ice Magic
  2776 | D:4      | Reached XP level 6. HP: 21/49 MP: 4/9
  3169 | D:4      | Reached skill level 7 in Ice Magic
  3457 | D:4      | Got a pitted copper ring
  3470 | D:4      | Identified the ring "Laru" {*Corrode Str+5 Int+6 Dex+4
                  | Stlth+} (You found it on level 4 of the Dungeon)
  3473 | D:4      | Reached XP level 7. HP: 55/55 MP: 10/10
  3609 | D:5      | Entered Level 5 of the Dungeon
  3614 | D:5      | Found an ornate altar of the Wu Jian Council.
  3651 | D:5      | Noticed Edmund
  3662 | D:5      | Killed Edmund
  3666 | D:5      | Found a sparkling altar of Nemelex Xobeh.
  3773 | D:5      | Found a shattered altar of Ashenzari.
  3796 | D:5      | Found a glowing drain.
  3800 | Sewer    | Entered a sewer
  3991 | Sewer    | Learned a level 3 spell: Ozocubu's Armour
  4085 | D:5      | Reached skill level 8 in Ice Magic
  4621 | D:5      | Found a radiant altar of Vehumet.
  4624 | D:5      | Noticed Pikel
  4652 | D:5      | Killed Pikel
  4652 | D:5      | Reached skill level 5 in Dodging
  4652 | D:5      | Reached skill level 9 in Ice Magic
  4652 | D:5      | Reached XP level 8. HP: 48/62 MP: 7/11
  5329 | D:6      | Found a staircase to the Ecumenical Temple.
  5368 | D:6      | Noticed Grinder
  5379 | D:6      | Paralysed by Grinder for 6 turns
  5410 | D:6      | Gained mutation: Your spells are a little easier to cast,
                  | but a little less powerful. [potion of mutation]
  5410 | D:6      | Gained mutation: You evolve. [potion of mutation]
  5413 | D:6      | HP: 2/62 [Grinder (2)]
  5414 | D:6      | Killed from afar by Grinder

Illustrated notes

Levels and vault maps discovered:
D:1:      wander_arrival_lonely_grave, layout_loops_ring, minmay_misc_feat_rows,
          minivault_26
D:2:      layout_loops_ring, grunt_temple_overflow_growth_and_decay
D:3:      layout_loops_ring, uniq_ijyb
D:4:      layout_cave_pools, gammafunk_temple_overflow_claw,
          serial_co_window_serial, co_window_of_opportunity_a,
          co_window_cross_1, co_window_paths_b, co_window_corner_a,
          co_window_paths_b, co_window_broadway_a, co_window_2corner,
          co_window_corner_cb, co_window_cross_4, co_window_unsneaky_path_b,
          co_window_unsneaky_path_d, glass_columns_c, glass_columns_a
D:5:      layout_rooms, ashenzari_altar_1, nemelex_altar_shiori,
          nicolae_overflow_crystal_walls, fiery_altar_vehumet,
          gup_sewer_entry_bowl, chequers_decorated_corner, uniq_edmund,
          uniq_pikel
D:6:      layout_basic, temple_hall, serial_shops, nicolae_shop_behind_doors,
          fedhas_ov_isle_minmay, uniq_grinder

Skill      XL: |  1  2  3  4  5  6  7 |
---------------+----------------------+-----
Dodging        | 2 3 5 |  5.3
Ice Magic      | 5 6 7 9 |  9.6
Stealth        | |  3.0
Spellcasting   | |  2.0

Action                   |  1- 3 |  4- 6 |  7- 9 || total
-------------------------+-------+-------+-------++-------
Melee: Unarmed           |    15 |    28 |    29 ||    72
       Mace              |       |       |    33 ||    33
Throw: Dart              |       |       |     5 ||     5
 Cast: Freeze            |    47 |     4 |       ||    51
       Frozen Ramparts   |       |    24 |    26 ||    50
       Ozocubu's Armour  |       |       |     1 ||     1
 Abil: Spit Poison       |    19 |     7 |     6 ||    32
  Use: Potion            |       |     1 |     6 ||     7
       Scroll            |       |       |     6 ||     6
 Stab: Distracted        |       |       |     2 ||     2
Armor: Robe              |     7 |     8 |    19 ||    34
Dodge: Dodged            |    40 |    34 |    51 ||   125

Table legend: (Time is in decaauts)
 A = Elapsed time spent in this place.
 B = Non-inter-level travel time spent in this place.
 C = Inter-level travel time spent in this place.
 D = Time resting spent in this place.
 E = Time spent auto-exploring this place.
 F = Levels seen in this place.
 G = Mean time per level.
                   A        B        C        D        E       F      G
               +--------+--------+--------+--------+--------+-----+--------+
         Total |   6273 |   6212 |     61 |    493 |   4562 |   7 |  896.1 |
       Dungeon |   6018 |   5957 |     61 |    493 |   4369 |   6 | 1003.0 |
         Sewer |    255 |    255 |      0 |      0 |    192 |   1 |  255.0 |
               +--------+--------+--------+--------+--------+-----+--------+

Top non-repeatable levels by time:
     D:3: 1659 daAuts
     D:5: 1317 daAuts
     D:4: 1218 daAuts
     D:1: 727 daAuts
     D:6: 619 daAuts
     D:2: 477 daAuts
   Sewer: 255 daAuts
